Map: 2000 Atmospheres LE

Players

LiquidClem (Clem)

  • Race: Terran Terran
  • League: Grandmaster
  • Spawn Location: 3:00

Serral - Winner!

  • Race: Zerg Zerg
  • League: Grandmaster
  • Spawn Location: 7:00

VOD

https://youtu.be/--cYXduTTT8

Description

Time

  • Played on: April 29, 2022, 7:35 a.m.
  • Length: 9:07
Show
View Real Time Build Order
Export as new Build Order

LiquidClem Terran 

Build Orders: Reaper Expand, Hellion Banshee 

Get SALT Encoding   

  12  0:00  SCV  
  13  0:12  SCV  
  14  0:17  Supply Depot  
  14  0:24  SCV  
  15  0:38  SCV  
  15  0:39  Barracks  
  16  0:44  Refinery  
  16  0:51  SCV  
  17  1:03  SCV  
  18  1:15  SCV  
  19  1:26  Reaper  
  19  1:27  Orbital Command  
  20  1:39  Command Center  
  20  1:46  Supply Depot  
  20  1:52  SCV  
  21  1:58  Marine  
  22  2:04  SCV  
  23  2:08  Factory  
  23  2:16  SCV  
  23  2:20  Barracks Reactor  
  24  2:29  SCV  
  25  2:40  Command Center  
  25  2:41  SCV  
  26  2:52  Orbital Command  
  26  2:53  SCV  
  26  2:58  Starport  
  27  3:05  SCV  
  28  3:06  Hellion  
  28  3:11  Refinery  
  30  3:15  Hellion  
  30  3:17  SCV  
  30  3:18  SCV  
  34  3:21  Barracks Tech Lab  
  34  3:29  SCV  
  34  3:31  SCV  
  34  3:32  Hellion  
  38  3:36  Hellion  
  40  3:41  SCV  
  40  3:43  SCV  
  40  3:45  Banshee  
  45  3:53  SCV  
  45  3:54  Orbital Command  
  45  3:55  SCV  
  47  3:58  Cloaking Field  
  47  4:00  Hellion  
  47  4:01  Hellion  
  51  4:03  Supply Depot  
  51  4:05  SCV  
  51  4:07  SCV  
  51  4:09  Barracks Tech Lab  
  53  4:17  SCV  
  53  4:19  SCV x2  
  53  4:24  Hellion x2  
  60  4:27  Supply Depot  
  60  4:30  SCV, Banshee  
  65  4:31  SCV x2  
  66  4:41  Barracks  
  66  4:42  SCV  
  66  4:43  SCV  
  66  4:44  Stimpack  
  69  4:45  SCV, Barracks  
  69  4:53  Factory Reactor  
  69  4:54  Supply Depot, Refinery  
  69  4:55  SCV, Marine, Refinery  
  71  5:01  Engineering Bay  
  71  5:02  SCV  
  71  5:03  Engineering Bay  
  72  5:08  SCV  
  72  5:10  SCV  
  72  5:12  Marine  
  76  5:14  SCV  
  76  5:16  Supply Depot  
  76  5:20  SCV, Orbital Command  
  77  5:25  Barracks x2  
  77  5:26  SCV  
  75  5:29  Starport Reactor  
  75  5:30  Marine  
  75  5:33  SCV  
  77  5:36  Factory Reactor, Terran Infantry Weapons Level 1  
  77  5:37  Terran Infantry Armor Level 1  
  77  5:39  SCV  
  77  5:40  Marine  
  77  5:41  Marine  
  80  5:45  SCV, Marine  
  80  5:46  SCV  
  80  5:48  Marine  
  80  5:49  Marine  
  78  5:51  SCV  
  69  5:57  Supply Depot  
  69  5:58  Marine, SCV x2  
  69  6:03  SCV, Armory, Marine  
  74  6:04  Factory  
  74  6:06  Medivac, Marine  
  74  6:10  Marine x2, SCV x2, Medivac  
  83  6:15  Refinery  
  83  6:16  Supply Depot, SCV  
  83  6:17  Barracks Reactor, Marine  
  85  6:19  Barracks Reactor  
  85  6:20  Marine  
  85  6:22  SCV  
  85  6:23  SCV  
  85  6:24  Supply Depot  
  88  6:26  Bunker, Marine  
  88  6:28  SCV  
  88  6:31  Marine, Widow Mine x2  
  95  6:34  SCV  
  95  6:35  SCV  
  95  6:36  Marine  
  95  6:38  Supply Depot, Combat Shield  
  98  6:42  Marine x2  
  98  6:44  Marine  
  101  6:47  Command Center  
  101  6:51  Drilling Claws, Widow Mine  
  101  6:53  Supply Depot, Marine x3  
  106  6:54  Marine  
  106  6:56  Marine  
  106  7:01  Medivac x2  
  110  7:02  Widow Mine  
  110  7:04  Marine  
  110  7:05  Supply Depot, Marine x2  
  110  7:06  Marine  
  110  7:07  SCV  
  119  7:11  Widow Mine, Marine x2  
  119  7:13  Supply Depot  
  123  7:20  Sensor Tower  
  123  7:21  Marine x2  
  125  7:23  Widow Mine  
  125  7:26  Marine x2  
  125  7:27  Widow Mine  
  125  7:29  Marine  
  132  7:30  Supply Depot, Refinery  
  132  7:31  SCV x3, Supply Depot  
  132  7:32  Marine  
  136  7:40  Widow Mine, Supply Depot  
  136  7:43  Marine x2  
  140  7:48  Medivac  
  140  7:51  Widow Mine  
  146  7:53  Marine x2  
  146  7:57  Marine x5  
  144  7:59  Siege Tank  
  144  8:00  Marine  
  144  8:01  Marine  
  147  8:06  Medivac  
  147  8:07  Widow Mine  
  147  8:11  Marine  
  147  8:12  Marine, Widow Mine  
  149  8:16  Marine  
  149  8:18  Marine  
  149  8:19  Marine  
  138  8:20  Marine x2  
  138  8:23  Marine, Medivac  
  138  8:24  Marine  
  131  8:28  Widow Mine  
  131  8:29  Marine  
  131  8:30  Marine  
  131  8:34  Marine  
  115  8:36  Medivac, Marine  
  115  8:37  Marine  
  115  8:38  Marine x2  
  115  8:41  Marine  
  107  8:42  Marine  
  107  8:47  Marine  
  107  8:48  Marine  
Show
View Real Time Build Order
Export as new Build Order

Serral Zerg - Winner!

Build Orders: Hatch First 

Get SALT Encoding   

  12  0:00  Drone  
  13  0:12  Overlord  
  13  0:17  Drone  
  14  0:30  Drone x2  
  16  0:46  Hatchery  
  15  0:50  Drone  
  15  0:54  Drone  
  15  0:57  Drone  
  18  1:07  Extractor  
  17  1:12  Spawning Pool  
  17  1:15  Drone  
  17  1:19  Drone  
  18  1:28  Drone  
  19  1:38  Drone  
  20  1:49  Drone  
  21  1:59  Queen x2  
  21  2:00  Zergling x4  
  27  2:10  Drone, Overlord  
  28  2:21  Hatchery  
  27  2:23  Drone  
  28  2:30  Drone  
  28  2:31  Drone  
  29  2:38  Drone, Metabolic Boost  
  30  2:45  Queen  
  30  2:49  Overlord  
  32  2:53  Drone  
  32  2:55  Drone  
  34  3:01  Drone  
  34  3:05  Overlord  
  35  3:10  Drone  
  35  3:11  Drone x3  
  39  3:15  Queen  
  39  3:17  Drone  
  42  3:23  Queen  
  44  3:29  Drone x2  
  44  3:33  Queen  
  48  3:37  Overlord  
  48  3:40  Drone x2  
  50  3:44  Drone  
  50  3:45  Zergling x2  
  50  3:46  Zergling x2  
  50  3:47  Drone x2  
  55  3:50  Drone  
  56  3:56  Queen  
  56  3:57  Overlord  
  56  4:01  Queen  
  60  4:05  Overlord  
  60  4:07  Zergling x2  
  60  4:08  Drone  
  60  4:09  Drone  
  63  4:12  Overlord  
  63  4:15  Drone x2  
  65  4:19  Zergling x2  
  65  4:20  Drone  
  65  4:23  Overlord  
  67  4:26  Zergling x2  
  67  4:27  Drone  
  67  4:28  Drone x3  
  72  4:33  Lair  
  72  4:36  Extractor, Drone x4  
  75  4:40  Queen  
  75  4:44  Zergling x6  
  80  4:46  Drone x2  
  80  4:48  Drone  
  83  4:53  Overlord  
  83  4:56  Zergling x2  
  83  4:58  Overlord  
  84  5:02  Spore Crawler x3  
  84  5:04  Drone  
  82  5:07  Zergling x2  
  82  5:08  Drone  
  82  5:10  Drone x3  
  86  5:16  Drone  
  86  5:19  Drone x2  
  89  5:22  Extractor x2, Drone x3  
  89  5:24  Evolution Chamber x2  
  89  5:26  Extractor  
  89  5:27  Extractor, Drone  
  87  5:28  Drone  
  87  5:30  Drone  
  92  5:35  Drone x3  
  92  5:47  Zergling x2  
  92  5:48  Zergling x8  
  92  5:49  Evolution Chamber  
  89  5:50  Drone x2  
  89  5:53  Drone  
  89  5:54  Roach Warren, Zerg Missile Weapons Level 1, Zerg Ground Armor Level 1  
  92  5:58  Drone x3  
  92  6:01  Drone, Overseer  
  96  6:06  Drone  
  96  6:08  Drone x2  
  96  6:15  Overlord x2  
  96  6:18  Hatchery  
  95  6:20  Zergling x2  
  95  6:21  Overlord  
  95  6:22  Overlord  
  95  6:23  Overseer  
  96  6:33  Glial Reconstitution  
  96  6:34  Overlord  
  96  6:35  Roach x4  
  96  6:39  Roach x6  
  116  6:45  Overlord  
  116  6:46  Roach x3  
  122  6:50  Roach  
  122  6:51  Roach  
  126  6:54  Roach  
  126  6:56  Nydus Network  
  126  6:58  Overlord  
  126  7:01  Roach  
  129  7:08  Roach x6  
  141  7:12  Roach  
  141  7:14  Overlord  
  142  7:16  Roach x3  
  142  7:20  Roach  
  150  7:23  Roach  
  150  7:27  Overlord  
  150  7:29  Overlord  
  152  7:30  Overlord  
  152  7:34  Roach x6  
  164  7:39  Ravager x7  
  171  7:44  Overlord x2  
  171  7:56  Roach x8  
  187  8:02  Overlord  
  187  8:04  Roach x3  
  193  8:08  Nydus Canal  
  190  8:18  Roach x8  
  188  8:22  Roach x2  
  175  8:29  Roach x4  
  175  8:32  Nydus Canal  
  173  8:38  Roach x4  
  167  8:48  Nydus Canal  
Tags
 
Add a new tag
Caveats
  • Supply blocks, unpowered buildings, or Contaminate may cause inaccurate times.
  • Supply counts are checked every 10 seconds.